woodfighter, neutral female scurrid Archeologist ------------- #------- ------ |...........| #|.....|######### |....| |...........-####|.....| ###.....| |....)......| ###..>...| ###|....| ---.--- |............####--|--.- ####.`...| |.....-############ ----------.-- # #` # ------ |....%| -----# # # # ### |.....| ##-....# ### ### ### # |.....| # |...|# # # # # |......##### |...| # ### ### ### # ------- |...|####### # # # # |...|##### ###############[#)##[####% ^## # # ---.-# %####--------+---- ......-..-# ### # #.%...@e..$$$| |........|# %##|%f....%.%$$| |........|# #-.......$$$$| |........|# ------------- |<*.......# ---......| -------- woodfighter the Investigator Experience level: 6 Strength: 14 Dexterity: 9 Constitution: 14 Intelligence: 16 Wisdom: 18 Charisma: 8 Health: 0(41) Energy: 45(45) Def: 2 Gold: 1771 Moves: 1773 Dungeon seed: iVQ-1TjwyOh6syEO Game ID: woodfighter_1532465158 Your Inventory: Coins $ - 1771 gold pieces Amulets R - an uncursed amulet of magical breathing Weapons a - a +2 bullwhip (weapon in paw) g - 3 +0 darts Y - 9 poisoned +0 darts (in quiver) Armor e - an uncursed +0 leather jacket (being worn) n - an uncursed +0 pair of leather gloves (being worn) q - a cursed -1 mummy wrapping z - an uncursed +1 dwarvish cloak Comestibles b - 5 uncursed chestnuts j - an uncursed sprig of wolfsbane m - an uncursed eucalyptus leaf H - an uncursed egg I - an uncursed lichen corpse L - an uncursed lembas wafer Potions r - an uncursed potion of fruit juice Wands d - a wand of light (0:11) o - a wand of secret door detection (0:14) A - a wand of cold (0:5) G - a wand of enlightenment (0:11) Tools c - an uncursed pair of lenses h - an uncursed oil lamp (0:1441) s - an uncursed bag of holding u - an uncursed sack w - an uncursed magic whistle y - an uncursed skeleton key Gems Q - an uncursed touchstone Contents of the bag of holding: 897 gold pieces a [cursed] [-1] pair of fumble boots a [uncursed] scroll of blank paper a [uncursed] scroll of scare monster a [blessed] potion of acid a [uncursed] potion of gain ability a [blessed] potion of invisibility a [cursed] potion of oil Contents of the sack: 112 gold pieces a [uncursed] scroll of identify a [uncursed] scroll of stinking cloud a [uncursed] potion of gain energy a [cursed] potion of object detection Spells and supernatural/magical abilities: Name Level Category Fail Memory W - pray for help -- divine ? -- Your skills at the end: Miscellaneous Skills wands [Basic] Weapon Skills whip [Basic] Spellcasting Skills Final Attributes: You were devoutly aligned. You were fire resistant. You had infravision. You were very stealthy. You were fast. You are dead. Vanquished creatures: a large mimic an imp a rock mole 3 shriekers a kobold mummy 2 gray oozes an elf zombie a straw golem a paper golem 2 dwarves 3 homunculi a kobold lord 2 iguanas 9 hill orcs a jitterbug a wererat 5 coyotes a gas spore a hobbit an acid blob a large kobold a gecko 7 giant rats 2 cave spiders a brown mold a red mold a gnome 2 garter snakes a gnome zombie 4 jackals a kobold 8 newts 2 goblins 4 sewer rats 3 grid bugs 5 lichens 83 creatures vanquished. Voluntary challenges: You did not adorn yourself with jewelry or accessories. You did not cause conflict. You were not invisible. You did not have reflection. You were not displaced. You used a wielded weapon 234 times, starting on turn 3. You did not apply a unicorn horn. You did not use plumbed fixtures. You did not drink any magical draughts. You were illiterate. You never genocided any monsters. You never polymorphed an object. You never changed form. You used no wishes. You never split a pudding. You never wrote Elbereth's name. You never violated your personal moral code. Dungeon overview: The Dungeons of Doom: levels 1 to 8 Level 1 some fountains a long staircase Level 2 a fountain Level 3 a hardware shop stairs to The Gnomish Mines Level 4 a sink Level 5 (eye) a general store Level 6 some fountains Level 7 <- You were here Level 8 The Gnomish Mines: Level 4 stairs to The Dungeons of Doom History has recorded: On T:1 you entered the Dungeons of Doom to retrieve the Amulet of Yendor! On T:170 you reached level 2 of The Dungeons of Doom. On T:444 you reached level 3 of The Dungeons of Doom. On T:474 you advanced to experience level 2. On T:552 you reached level 4 of The Dungeons of Doom. On T:570 you reached level 1 of The Gnomish Mines. On T:708 you reached level 5 of The Dungeons of Doom. On T:712 you advanced to experience level 3. On T:768 you reached level 6 of The Dungeons of Doom. On T:843 you reached level 7 of The Dungeons of Doom. On T:884 you advanced to experience level 4. On T:1055 you prayed to Camaxtli. On T:1072 you advanced to experience level 5. On T:1533 you reached level 8 of The Dungeons of Doom. On T:1655 you advanced to experience level 6. On T:1732 you prayed to Camaxtli. Score breakdown: Gold: 2780 ( 278 points) Experience: 6 levels ( 500 points) Exploration: 8 levels ( 210 points) Discoveries: 23 items ( 1150 points) Variety of kills: 36 monsters ( 1800 points) Major goal: (nothing yet) ( 0 points) Survival: died (score multiplied by 3) Total score: 11814 Latest messages: You whip the gray ooze. You whip the hill orc. The hill orc throws a crude dagger! The crude dagger hits the hill orc. You whip the hill orc. You kill the hill orc! You whip the gray ooze. (2x) You kill the gecko! You kill the gray ooze! $ - 1132 gold pieces. There are several more objects here. You kill the newt! You kill the kobold! $ - 496 gold pieces. There are a few more objects here. You whip the hill orc. (2x) Kitty misses the hill orc. The hill orc punches you! You whip the hill orc. (2x) Kitty bites the hill orc. The hill orc is killed! There are a few objects here. $ - 143 gold pieces. Kitty drops a sewer rat corpse. You whip the floating eye. As you meet its deep, meaningful gaze, you feel its suffering as though it were your own. You die... Final status: Goodbye woodfighter the Archeologist, killed by vicarious suffering... You died in The Dungeons of Doom on dungeon level 7 with 11814 points, and 2780 pieces of gold, after 1773 moves. You were level 6 with a maximum of 41 hit points when you died.